 Dungeon Crawl Stone Soup version 0.30.0-5-g1a98f26d00 (webtiles) character file.

Game seed: 14945262378259314068

1188 Darkkill the Shooter (level 8, -2/70 HPs)
             Began as a Minotaur Hunter on May 12, 2023.
             Killed from afar by an orc wizard (6 damage)
             ... with a puff of flame
             ... on level 5 of the Dungeon.
             The game lasted 00:05:14 (3766 turns).

Darkkill the Shooter (Minotaur Hunter)              Turns: 3766, Time: 00:05:14

Health: -2/70      AC:  3    Str: 16    XL:     8   Next: 19%
Magic:  7/7        EV: 14    Int:  6    God:
Gold:   223        SH:  0    Dex: 16    Spells: 7/7 levels left

rFire   . . .        a - +0 shortbow
rCold   . . .        (shield currently unavailable)
rNeg    . . .        c - +0 leather armour
rPois   .            (helmet restricted)
rElec   .            (no cloak)
rCorr   .            (no gloves)
SInv    .            (no boots)
Will    .....        (no amulet)
Stlth   +++          (no ring)
HPRegen 0.31/turn    (no ring)
MPRegen 0.10/turn

%: no passive effects
@: no status effects
A: horns 2, retaliatory headbutt
a: no special abilities


You were on level 5 of the Dungeon.
You visited 1 branch of the dungeon, and saw 5 of its levels.

You collected 259 gold pieces.
You spent 36 gold pieces at shops.

Inventory:

Hand Weapons
 a - a +0 shortbow (weapon)
Missiles
 e - 40 stones
 j - 7 poisoned darts
 l - 5 datura-tipped darts
Armour
 c - a +0 leather armour (worn)
Jewellery
 f - a ring of magical power
Wands
 d - a wand of iceblast (1)
 q - a wand of polymorph (13)
Scrolls
 b - 3 scrolls of immolation
 g - 2 scrolls of poison
 s - 3 scrolls of magic mapping
Potions
 h - 5 potions of curing {@q1}
 i - a potion of might {unknown}
 k - a potion of attraction {unknown}
 m - a potion of mutation
 n - a potion of invisibility {unknown}
 o - a potion of magic {unknown}
 r - a potion of berserk rage {unknown}


   Skills:
 + Level 6.3 Fighting
 + Level 7.0 Ranged Weapons
 + Level 5.6 Dodging
 + Level 4.3 Stealth


You had 7 spell levels left.
You didn't know any spells.
Your spell library contained the following spells:

 Spells                   Type           Power      Damage    Failure   Level
 Slow                     Hex            0%         N/A       52%         1
 Confusing Touch          Hex            0%         N/A       88%         3
 Vampiric Draining        Necr           0%         2d6       88%         3
 Anguish                  Hex/Necr       0%         N/A       99%         4
 Enfeeble                 Hex            0%         N/A       100%        7


Dungeon Overview and Level Annotations

Branches:
Dungeon (5/15)
 Temple: D:4-7

Altars:
Ashenzari
Dithmenos

Shops:
D:3 *


Innate Abilities, Weirdness & Mutations

You have a pair of horns on your head.
You reflexively headbutt those who attack you in melee.


Message History

Fire: a) +0 shortbow
Press: ? - help, Q - select action, (/) - cycle Shift-Dir - straight line, f/p - water moccasin
Aim: a water moccasin (heavily wounded, 51% to hit)
You shoot an arrow. The arrow hits the water moccasin!
The water moccasin is almost dead.
You feel very sick.
The water moccasin completely misses you.
You furiously retaliate!
You headbutt the water moccasin!
You kill the water moccasin!
Fire: a) +0 shortbow
Press: ? - help, Q - select action, (/) - cycle Shift-Dir - straight line, f - you Really target yourself? [Y]es or [N]o only, please.
Really target yourself?
Okay, then.
You feel very sick.
A goblin comes into view. It is wielding a +0 club.
Robin and an orc come into view.
You feel sick.
Robin roars a battlecry!
You hear a shout!
The orc shouts!
Aiming: Iceblast
Press: ? - help, Q - select action, (/) - cycle Shift-Dir - straight line The mass of ice explodes!
The iceblast engulfs Robin!
Robin is heavily wounded.
You feel sick.
Aiming: Iceblast
Press: ? - help, Q - select action, (/) - cycle Shift-Dir - straight line, f - Robin
Aim: Robin, wielding a +0 spear, wearing a +0 animal skin and wearing a +0 helmet (heavily wounded)
The mass of ice explodes!
The iceblast engulfs Robin!
You kill Robin!
You feel sick.
An orc wizard comes into view. It is wielding a +0 dagger.
Your Ranged Weapons skill increases to level 7!
Fire: a) +0 shortbow
Press: ? - help, Q - select action, (/) - cycle Shift-Dir - straight line, f - goblin
Aim: a goblin, wielding a +0 club and wearing a ring of see invisible (60% to hit)
You shoot an arrow. The arrow hits the goblin.
You kill the goblin!
You feel sick.
A goblin comes into view. It is wielding a +0 club.
The goblin moves out of view.
Fire: a) +0 shortbow
Press: ? - help, Q - select action, (/) - cycle Shift-Dir - straight line, f - orc
Aim: an orc, wielding a +0 short sword and wearing a +0 ring mail (69% to hit)
You shoot an arrow.
The arrow hits the orc but does no damage.
You feel sick.
An orc comes into view. It is wielding a +0 club.
Fire: a) +0 shortbow
Press: ? - help, Q - select action, (/) - cycle Shift-Dir - straight line, f/p - orc
Aim: an orc, wielding a +0 short sword and wearing a +0 ring mail (69% to hit)
You shoot an arrow. The arrow hits the orc.
The orc is severely wounded.
You feel sick.
A hobgoblin comes into view.
An orc comes into view. It is wielding a +0 flail.
The orc hits you with a +0 short sword.
Fire: a) +0 shortbow
Press: ? - help, Q - select action, (/) - cycle Shift-Dir - straight line, f/p - orc
Aim: an orc, wielding a +0 short sword and wearing a +0 ring mail (severely wounded, 69% to hit)
You shoot an arrow. The arrow barely misses the orc.
You feel sick.
You are no longer poisoned.
The orc wizard casts a spell at you. The puff of flame hits you!
* * * LOW HITPOINT WARNING * * *
The orc hits you with a +0 short sword.
* * * LOW HITPOINT WARNING * * *
Fire: a) +0 shortbow
Press: ? - help, Q - select action, (/) - cycle Shift-Dir - straight line, f/p - orc
Aim: an orc, wielding a +0 short sword and wearing a +0 ring mail (severely wounded, 69% to hit)
You shoot an arrow.
The arrow hits the orc but does no damage.
The orc is severely wounded.
The orc hits you with a +0 short sword.
* * * LOW HITPOINT WARNING * * *
Fire: a) +0 shortbow
Press: ? - help, Q - select action, (/) - cycle Shift-Dir - straight line, f/p - orc
Aim: an orc, wielding a +0 short sword and wearing a +0 ring mail (severely wounded, 69% to hit)
You shoot an arrow. The arrow hits the orc.
You kill the orc!
Fire: a) +0 shortbow
Press: ? - help, Q - select action, (/) - cycle Shift-Dir - straight line, f - hobgoblin
Aim: a hobgoblin (strong, 66% to hit)
You shoot an arrow. The arrow hits the hobgoblin.
You kill the hobgoblin!
The orc wizard closely misses you.
An orc comes into view. It is wielding a +0 hand axe.
Fire: a) +0 shortbow
Press: ? - help, Q - select action, (/) - cycle Shift-Dir - straight line, f - goblin
Aim: a goblin, wielding a +0 club (strong, 60% to hit)
You shoot an arrow. The arrow hits the goblin.
The goblin is severely wounded.
The goblin hits you with a +0 club.
* * * LOW HITPOINT WARNING * * *
The orc throws a throwing net.
The throwing net closely misses you.
The orc wizard gestures at you while chanting.
The puff of flame hits you.
You die...

. #..#.#
#...##.##....
.............####
........#.......
...#....#.#.#.# ###
.....o....#...#####.#
....o#...#..#.......#
.......o......#####.#
#..g@.†.#### #.#
#......## #.####
..).)#....†..# #....#
.o.) #.......# ####.#
... #...(.....# #.#
.. ........##.# #.# .
......#### # #)#
........ #.# ........
#.#


You could see an orc wizard, 3 orcs and a goblin (strong).

Vanquished Creatures
  Pikel (D:4)
  Menkaure (D:4)
  A water moccasin (D:5)
  Pargi (D:4)
  A phantom (D:4)
  A howler monkey (D:5)
  An iguana (D:4)
  Ijyb (D:5)
  Robin (D:5)
  8 gnolls
  10 adders
  An ufetubus (D:4)
  3 worms
  A dart slug (D:4)
  4 orcs
  12 ball pythons
  10 endoplasms
  5 giant cockroaches
  15 goblins
  7 hobgoblins
  7 jackals
  6 kobolds
  2 quokkas
  3 bats
  2 frilled lizards
  7 rats
112 creatures vanquished.

Notes
Turn   | Place    | Note
-------+----------+-------------------------------------------
     0 | D:1      | Darkkill the Minotaur Hunter began the quest for the Orb.
     0 | D:1      | Reached XP level 1. HP: 18/18 MP: 0/0
   158 | D:1      | Reached skill level 1 in Stealth
   208 | D:1      | Reached XP level 2. HP: 20/25 MP: 1/1
   392 | D:1      | Reached XP level 3. HP: 31/31 MP: 2/2
   953 | D:2      | Reached XP level 4. HP: 35/38 MP: 3/3
   985 | D:2      | Reached skill level 5 in Ranged Weapons
  1117 | D:2      | Reached XP level 5. HP: 21/46 MP: 4/4
  1754 | D:3      | Found a shadowy altar of Dithmenos.
  2022 | D:3      | Found Duimm's General Store.
  2026 | D:3      | Bought a potion of curing for 36 gold pieces
  2105 | D:3      | Found a broken altar of Ashenzari.
  2428 | D:4      | Reached XP level 6. HP: 15/53 MP: 5/5
  2969 | D:4      | Noticed Pargi
  2978 | D:4      | Killed Pargi
  3106 | D:4      | Noticed Menkaure
  3112 | D:4      | Killed Menkaure
  3113 | D:4      | Reached skill level 5 in Fighting
  3113 | D:4      | Reached skill level 6 in Ranged Weapons
  3113 | D:4      | Reached XP level 7. HP: 44/61 MP: 6/6
  3206 | D:4      | Noticed Pikel
  3215 | D:4      | Killed Pikel
  3216 | D:4      | Reached skill level 5 in Dodging
  3216 | D:4      | Reached XP level 8. HP: 46/70 MP: 7/7
  3663 | D:5      | Entered Level 5 of the Dungeon
  3748 | D:5      | Noticed Ijyb
  3751 | D:5      | Killed Ijyb
  3756 | D:5      | Noticed Robin
  3758 | D:5      | Killed Robin
  3759 | D:5      | Reached skill level 7 in Ranged Weapons
  3762 | D:5      | HP: 12/70 [orc wizard/puff of flame (9)]
  3766 | D:5      | HP: 4/70 [goblin/+0 club (5)]
  3766 | D:5      | Killed from afar by an orc wizard

Illustrated notes

Levels and vault maps discovered:
D:1:      dpeg_arrival_oval, layout_rooms, minmay_octomino_j4
D:2:      minmay_wonky_spiral, layout_basic
D:3:      layout_basic, nicolae_overflow_crystal_walls, grunt_dithmenos_smoke,
          serial_shops, shop
D:4:      layout_gridville, uniq_pikel, uniq_pargi, uniq_menkaure
D:5:      wad_lake_hut, layout_basic, mainiacjoe_overflow_small_starburst,
          minmay_misc_feat_tower, nicolae_goblin_pals

Skill      XL: |  1  2  3  4  5  6  7  8 |
---------------+-------------------------+-----
Stealth        | 1 2 3 4 |  4.3
Fighting       | 3 4 5 6 |  6.3
Dodging        | 3 4 5 |  5.6
Ranged Weapons | 5 6 7 |  7.0

Action                     |  1- 3 |  4- 6 |  7- 9 || total
---------------------------+-------+-------+-------++-------
   Fire: Shortbow          |   119 |   190 |    38 ||   347
  Evoke: Wand              |       |     5 |     7 ||    12
    Use: Scroll            |     3 |     3 |     2 ||     8
 Armour: Leather armour    |    12 |    21 |     1 ||    34
  Dodge: Dodged            |    31 |    69 |     9 ||   109

Levels and vault maps discovered:
D:1:      dpeg_arrival_oval, layout_rooms, minmay_octomino_j4
D:2:      minmay_wonky_spiral, layout_basic
D:3:      layout_basic, nicolae_overflow_crystal_walls, grunt_dithmenos_smoke,
          serial_shops, shop
D:4:      layout_gridville, uniq_pikel, uniq_pargi, uniq_menkaure
D:5:      wad_lake_hut, layout_basic, mainiacjoe_overflow_small_starburst,
          minmay_misc_feat_tower, nicolae_goblin_pals

Table legend: (Time is in decaauts)
 A = Elapsed time spent in this place.
 B = Non-inter-level travel time spent in this place.
 C = Inter-level travel time spent in this place.
 D = Time resting spent in this place.
 E = Time spent auto-exploring this place.
 F = Levels seen in this place.
 G = Mean time per level.
                   A        B        C        D        E       F      G
               +--------+--------+--------+--------+--------+-----+--------+
         Total |   3861 |   3842 |     19 |      3 |   3166 |   5 |  772.2 |
       Dungeon |   3861 |   3842 |     19 |      3 |   3166 |   5 |  772.2 |
               +--------+--------+--------+--------+--------+-----+--------+

Top non-repeatable levels by time:
     D:4: 1320 daAuts
     D:2: 1014 daAuts
     D:3: 763 daAuts
     D:1: 656 daAuts
     D:5: 106 daAuts

Table legend:
 A = Kills in this place as a percentage of kills in the entire game.
 B = Kills by you in this place as a percentage of kills by you in the entire game.
 C = Kills by friends in this place as a percentage of kills by friends in the entire game.
 D = Other kills in this place as a percentage of other kills in the entire game.
 E = Experience gained in this place as a percentage of experience gained in the entire game.
 F = Experience gained in this place divided by the number of levels of this place that you have seen.
                   A       B       C       D       E      F
               +-------+-------+-------+-------+-------+----------------------
         Total | 100.0 | 100.0 |   N/A |   N/A | 100.0 | 339.6
       Dungeon | 100.0 | 100.0 |   N/A |   N/A | 100.0 | 339.6
               +-------+-------+-------+-------+-------+----------------------
